 Dungeon Crawl Stone Soup version 0.28.0-49-g6dfe1f597d (webtiles) character file.

Game seed: 17738919074689976779

79 bnorton916 the Magician (level 4, -1/24 HPs)
             Began as a Deep Elf Venom Mage on May 12, 2022.
             Slain by a bullfrog skeleton (3 damage)
             ... on level 3 of the Dungeon.
             The game lasted 00:04:37 (3431 turns).

bnorton916 the Magician (Deep Elf Venom Mage)       Turns: 3431, Time: 00:04:38

Health: -1/24      AC:  2    Str:  5    XL:     4   Next: 16%
Magic:  12/12      EV: 12    Int: 22    God:
Gold:   94         SH:  0    Dex: 15    Spells: 5/11 levels left

rFire   . . .      SeeInvis .   h - +0 dagger (venom)
rCold   . . .      Faith    .   (no shield)
rNeg    . . .      Spirit   .   a - +0 robe
rPois   .          Reflect  .   (no helmet)
rElec   .          Harm     .   (no cloak)
rCorr   .          Rampage  .   (no gloves)
Will    .....                   (no boots)
Stlth   ++........              g - amulet of the acrobat
HPRegen 0.08/turn               (no ring)
MPRegen 0.13/turn               (no ring)

@: no status effects
A: no striking features
a: no special abilities


You were on level 3 of the Dungeon.
You visited 1 branch of the dungeon, and saw 3 of its levels.

You collected 94 gold pieces.

Inventory:

Hand Weapons
 h - a +0 dagger of venom (weapon)
Armour
 a - a +0 robe (worn)
Jewellery
 g - an amulet of the acrobat (around neck)
Scrolls
 e - a scroll of summoning {unknown}
 f - 2 scrolls of teleportation {unknown}
 i - a scroll of identify {unknown}
 j - a scroll of magic mapping {unknown}
 k - a scroll of vulnerability {unknown}
Potions
 b - 2 potions of curing {unknown}
 c - a potion of might {unknown}
 d - a potion of heal wounds {unknown}


   Skills:
 - Level 2.4 Dodging
 - Level 2.4 Stealth
 + Level 4.2 Spellcasting
 + Level 1.1 Conjurations
 - Level 2.1 Transmutations
 + Level 0.9 Air Magic
 + Level 4.0 Poison Magic


You had 5 spell levels left.
You knew the following spells:

 Your Spells              Type           Power      Damage    Failure   Level
a - Sting                 Tmut/Pois      72%        1d6       3%          1
b - Poisonous Vapours     Pois/Air       30%        N/A       6%          2
c - Mephitic Cloud        Conj/Pois/Air  13%        N/A       14%         3

Your spell library contained the following spells:

 Spells                   Type           Power      Damage    Failure   Level
 Animate Skeleton         Necr           8%         N/A       11%         1
 Pain                     Necr           16%        1d4       11%         1
 Sublimation of Blood     Necr           4%         N/A       17%         2
 Olgreb's Toxic Radiance  Pois           22%        N/A       21%         4
 Vampiric Draining        Necr           4%         2d6       32%         3
 Petrify                  Tmut/Erth      9%         N/A       56%         4
 Summon Lightning Spire   Summ/Air       6%         N/A       65%         4
 Irradiate                Conj/Tmut      5%         3d15      83%         5
 Storm Form               Tmut/Air       5%         N/A       100%        7
 Maxwell's Capacitive Co  Air            4%         ∞         100%        8


Dungeon Overview and Level Annotations

Branches:
Dungeon (3/15)

Altars:

Annotations:
D:3 Jessica


Message History

You hit the bullfrog skeleton.
The bullfrog skeleton is lightly damaged.
The bullfrog skeleton barely misses you.
You barely miss the bullfrog skeleton.
The bullfrog skeleton is lightly damaged.
The bullfrog skeleton hits you. x2
You barely miss the bullfrog skeleton.
The bullfrog skeleton is lightly damaged.
The bullfrog skeleton hits you.
You hit the bullfrog skeleton.
The bullfrog skeleton is lightly damaged.
The bullfrog skeleton hits you.
You completely miss the bullfrog skeleton.
The bullfrog skeleton is lightly damaged.
The bullfrog skeleton hits you.
You hit the bullfrog skeleton.
The bullfrog skeleton is moderately damaged.
The bullfrog skeleton barely misses you. x2
You barely miss the bullfrog skeleton.
The bullfrog skeleton is moderately damaged.
The bullfrog skeleton barely misses you.
The bullfrog skeleton completely misses you.
The bullfrog skeleton completely misses you.
You open the door.
Jessica and an endoplasm come into view.
Jessica is wielding a +0 club and carrying a wand of polymorph (2).
The bullfrog skeleton hits you.
* * * LOW HITPOINT WARNING * * *
2 orcs come into view.
There is an open door here.
The helpless Jessica fails to defend herself.
You puncture Jessica!
Jessica is poisoned.
Jessica is severely wounded.
The orc shouts!
The bullfrog skeleton hits you.
* * * LOW HITPOINT WARNING * * *
Jessica zaps a wand.
You resist with some effort.
An orc comes into view. It is wielding a +0 club.
The bullfrog skeleton hits you.
You die...

#.....#......# #......#.........
#.....####'### #......'.........
#.....# #.# #......#....).<..
##.....####.#####......#.........
.......................+........>
############.####......#.........
.............## #####+##.........
#####.........###...# #.........
#..........Z@@..+ ...........
#####..........##...# ###########
.............#.# ..J#
####.........#..#...#
#.........##.#..... #.........#
..#..... #.........# #.#.oo.o.
#...........#........
###########.##..


You could see Jessica (very poisoned), 3 orcs, an endoplasm (wandering) and a
bullfrog skeleton.

Vanquished Creatures
  2 adders
  4 worms (D:2)
  8 ball pythons
  5 endoplasms
  2 giant cockroaches
  7 goblins
  5 hobgoblins
  4 quokkas
  2 bats
  A frilled lizard (D:3)
  3 kobolds
  2 rats
45 creatures vanquished.

Notes
Turn   | Place    | Note
-------+----------+-------------------------------------------
     0 | D:1      | bnorton916 the Deep Elf Venom Mage began the quest for the
                  | Orb.
     0 | D:1      | Reached XP level 1. HP: 10/10 MP: 6/6
   517 | D:1      | Reached XP level 2. HP: 15/15 MP: 5/8
  1325 | D:1      | Learned a level 2 spell: Poisonous Vapours
  1647 | D:2      | Reached XP level 3. HP: 19/19 MP: 6/10
  1653 | D:2      | Learned a level 3 spell: Mephitic Cloud
  3087 | D:3      | Reached skill level 1 in Conjurations
  3087 | D:3      | Reached XP level 4. HP: 18/24 MP: 1/12
  3429 | D:3      | Noticed Jessica
  3431 | D:3      | Slain by a bullfrog skeleton

Illustrated notes

Levels and vault maps discovered:
D:1:      erik_arrival_cave_to_civilisation [erik_arrival_cave_to_hall],
          layout_basic, minmay_misc_feat_secret_circle, minmay_misc_feat_alley
D:2:      layout_loops_ring
D:3:      layout_basic, uniq_jessica, uniq_robin

Skill      XL: |  1  2  3 |
---------------+----------+-----
Transmutations | 2 |  2.1
Spellcasting   | 4 |  4.2
Poison Magic   | 4 |  4.0
Conjurations   | 1 |  1.1
Dodging        | |  2.4
Stealth        | |  2.4
Air Magic      | |  0.9

Action                   |  1- 3 |  4- 6 || total
-------------------------+-------+-------++-------
Melee: Dagger            |     6 |     8 ||    14
       Unarmed           |     2 |       ||     2
       Punch             |     1 |       ||     1
 Cast: Sting             |    71 |     3 ||    74
       Poisonous Vapours |    15 |     4 ||    19
 Stab: Sleeping          |       |     1 ||     1
Armor: Robe              |     4 |       ||     4
Dodge: Dodged            |    16 |    10 ||    26
